 Dungeon Crawl Stone Soup version 0.16.2-12-gd0ad4c3 (webtiles) character file.

3933 schauveau the Geomancer (level 10, -6/50 HPs)
             Began as a Gargoyle Earth Elementalist on Oct 31, 2015.
             Was a Follower of Vehumet.
             Mangled by a death yak (22 damage)
             ... on level 8 of the Dungeon.
             The game lasted 00:42:39 (8825 turns).

schauveau the Geomancer (GrEE)                      Turns: 8825, Time: 00:42:39

Health: -6/50      AC: 15    Str: 19    XL:     10   Next: 21%
Magic:  7/45       EV: 12    Int: 19    God:    Vehumet [*.....]
Gold:   378        SH:  0    Dex: 10    Spells: 4 memorised, 15 levels left

rFire  . . .     SeeInvis .     P - +4 trident of Dominance {freeze, Noisy rF- MP+9 Str+7 Stlth+}
rCold  x . .     Clarity  .     c - +0 robe
rNeg   + . .     SustAb   .     (no shield)
rPois  ∞         Gourm    .     k - +1 helmet
rElec  +         Spirit   .     q - +1 cloak {MR+}
rCorr  .         Warding  .     (no gloves)
rMut   .         Stasis   .     u - +1 pair of boots
MR     +....                    (no amulet)
Stlth  +++.......               r - ring of magical power
                                o - ring of fire

@: somewhat resistant to hostile enchantments, fairly stealthy
A: negative energy resistance 1, electricity resistance, unbreathing,
petrification resistance, rot immunity, AC +7
a: Renounce Religion


You were on level 8 of the Dungeon.
You worshipped Vehumet.
Vehumet was aware of your devotion.
You were hungry.

You visited 2 branches of the dungeon, and saw 10 of its levels.
You also visited: Ossuary.

You collected 532 gold pieces.
You spent 154 gold pieces at shops.

Inventory:

Hand weapons
 e - a +0 short sword
 g - a +0 blowgun
 y - a +0 dagger
 z - a +0 spear
 E - a +0 shortbow
 N - a +1 dagger of draining
 P - the +4 trident of Dominance (weapon) {freeze, Noisy rF- MP+9 Str+7 Stlth+}
   (You found it on level 6 of the Dungeon)

   It has been specially enchanted to freeze those struck by it, causing extra
   injury to most foes and up to half again as much damage against particularly
   susceptible opponents.
   It can also slow down cold-blooded creatures.
   It affects your strength (+7).
   It makes you vulnerable to fire.
   It affects your magic capacity (+9).
   It may make noises in combat.
   It makes you more stealthy.
 S - a +3 flail of protection
 T - a +2 spear of freezing
Missiles
 b - 215 stones
 w - 7 sling bullets
 D - 7 poisoned needles
 F - 22 arrows
 I - 7 javelins (quivered)
Armour
 c - a +0 robe (worn)
 k - a +1 helmet (worn)
 q - a +1 cloak of magic resistance (worn)
 u - a +1 pair of boots (worn)
Jewellery
 h - an uncursed ring of magical power
 l - a +1 ring of evasion {unknown}
 o - a ring of fire (left hand)
 r - a ring of magical power (right hand)
Magical devices
 t - a wand of lightning (2)
 K - a wand of lightning (12)
 Q - a wand of disintegration (10)
 V - a wand of frost (16)
 W - a wand of magic darts (15)
Scrolls
 j - 6 scrolls of teleportation
 x - 5 scrolls of fear
 C - 2 scrolls of identify
 J - a scroll of recharging
 L - a scroll of magic mapping {unknown}
 O - a scroll of fog
 X - a scroll of remove curse
Potions
 a - 2 potions of berserk rage
 f - 2 potions of haste
 m - 2 potions of heal wounds
 p - 2 potions of resistance
 v - 6 potions of curing
 A - 2 potions of cancellation
 G - 3 potions of invisibility
 H - a potion of agility {unknown}
 M - a potion of might
 R - a potion of magic
 U - a potion of mutation {unknown}
 Y - a potion of restore abilities {unknown}
Books
 d - a book of Geomancy

   Spells                             Type                      Level
   a - Sandblast                      Earth                        1
   b - Stoneskin                      Transmutation/Earth          2
   c - Passwall                       Transmutation/Earth          3
   d - Stone Arrow                    Conjuration/Earth            3
   e - Petrify                        Transmutation/Earth          4
   f - Lee's Rapid Deconstruction     Earth                        5
 s - a book of Summonings

   Spells                             Type                      Level
   a - Abjuration                     Summoning                    3
   b - Recall                         Summoning/Translocation      3
   c - Shadow Creatures               Summoning                    5
   d - Summon Demon                   Summoning                    5
   e - Summon Forest                  Summoning/Translocation      5
   f - Monstrous Menagerie            Summoning                    6
Comestibles
 i - 3 bread rations
 B - 4 meat rations
 Z - 3 fruits


   Skills:
 - Level 1.5 Dodging
 - Level 2.1 Stealth
 + Level 8.9 Spellcasting
 - Level 4.7 Conjurations
 - Level 0.7 Transmutations
 + Level 12.2 Earth Magic


You had 15 spell levels left.
You knew the following spells:

 Your Spells              Type           Power        Failure   Level  Hunger
a - Stone Arrow           Conj/Erth      #####.       1%          3    None
b - Sandblast             Erth           ######       1%          1    None
c - Stoneskin             Trmt/Erth      ####....     1%          2    None
x - Lee's Rapid Deconstr  Erth           ######....   1%          5    #####..


Dungeon Overview and Level Annotations

Branches:
Dungeon (9/15)             Temple (1/1) D:7            Lair (0/8) D:8
    Orc: D:9-12

Altars:
Ashenzari
Cheibriados
Dithmenos
Elyvilon
Fedhas
Gozag
Kikubaaqudgha
Makhleb
Nemelex Xobeh
Okawaru
Qazlal
Ru
Sif Muna
Trog
Vehumet
Xom
Yredelemnul
Zin
The Shining One
Beogh

Shops:
D:4 }   D:7 =

Annotations:
D:3 schauveau's ghost, average GrEE
D:5 Pikel


Innate Abilities, Weirdness & Mutations

You are resistant to torment.
You are immune to poison.
Your stone body is very resilient (AC +7).
You resist negative energy.
You are resistant to electric shocks.
You can survive without breathing.
You are immune to petrification.
You are immune to rotting.


Message History

The death yak is almost dead.
The death yak gores you but does no damage.
The death yak snorts and paws the ground.
Casting: Stone Arrow
Confirm with . or Enter, or press ? or * to list all spells.
Aiming: Stone Arrow
Press: ? - help, Shift-Dir - straight line, f/p - death yak
Aim: a death yak (almost dead)
The stone arrow hits the death yak.
The death yak is almost dead.
The death yak barely misses you.
Casting: Stone Arrow
Confirm with . or Enter, or press ? or * to list all spells.
Aiming: Stone Arrow
Press: ? - help, Shift-Dir - straight line, f/p - death yak
Aim: a death yak (almost dead)
The stone arrow hits the death yak.
The death yak is almost dead.
The death yak gores you!!
You die...

.......# ...........
..###..# #.......#..
... #..###.#.......#..#
.#.##).....##.....
#.... ........####
....###..# ###.##..#
#........# ........#
#........#
...#.#.#######........#
...#........(..Y@.....#
...#...#####...##...###
...##..# #...##...#
...##..# #)..##...#
#.....)# #........#
#..##.># #...#....#
#....#.# #...#....#
#......# ######....# #
##.###(#
#.........###.###


You could see a death yak.

Vanquished Creatures
  An elephant (D:8)
  A two-headed ogre (D:7)
  A hippogriff (D:6)
  Menkaure (D:6)
  2 slaves (D:5)
  3 ogres
  4 orc warriors
  A phantom (D:7)
  2 centaurs
  4 giant frogs
  Sigmund (D:5)
  A big kobold (D:8)
  An elf zombie (Ossuary)
  A wyvern skeleton (D:7)
  3 scorpions
  2 crimson imps (D:8)
  3 goliath beetles
  A jelly (D:5)
  4 hounds
  3 centaur zombies
  7 orc priests
  2 giant frog skeletons
  10 orc wizards
  Natasha (D:6)
  An iguana (D:6)
  3 worker ants
  A sheep (D:8)
  A killer bee zombie (D:6)
  3 ogre zombies (Ossuary)
  A hound zombie (D:7)
  7 mummies (Ossuary)
  11 gnolls
  4 adders
  A shadow imp (D:7)
  2 giant mites
  5 worms
  An adder zombie (Ossuary)
  4 giant geckos
  An ooze (D:7)
  28 orcs
  6 giant cockroaches
  A gnoll zombie (Ossuary)
  5 goblins
  10 hobgoblins
  11 jackals
  12 kobolds
  2 quokkas
  7 bats
  3 giant newts
  6 goblin zombies (Ossuary)
  3 hobgoblin zombies (Ossuary)
  2 kobold zombies (Ossuary)
  2 orc zombies (Ossuary)
  A quokka skeleton (D:5)
  6 quokka zombies
  12 rats
  5 rat zombies
  3 ballistomycetes (D:6)
231 creatures vanquished.

Vanquished Creatures (others)
  2 giant spores
2 creatures vanquished.

Grand Total: 233 creatures vanquished

Notes
Turn   | Place    | Note
--------------------------------------------------------------
     0 | D:1      | schauveau, the Gargoyle Earth Elementalist, began the quest for the Orb.
     0 | D:1      | Reached XP level 1. HP: 10/10 MP: 3/3
   157 | D:1      | Reached XP level 2. HP: 6/15 MP: 1/5
   340 | D:1      | Reached skill level 4 in Earth Magic
   852 | D:2      | Reached XP level 3. HP: 19/19 MP: 6/6
   950 | D:2      | Learned a level 3 spell: Stone Arrow
  1167 | D:2      | Reached XP level 4. HP: 24/24 MP: 9/9
  1365 | D:3      | Reached skill level 1 in Conjurations
  1612 | D:3      | Noticed schauveau's ghost (average GrEE)
  1731 | D:3      | Learned a level 2 spell: Stoneskin
  1770 | D:3      | Found a shattered altar of Ashenzari.
  1781 | D:4      | Reached skill level 5 in Earth Magic
  1800 | D:4      | Noticed a centaur
  2012 | D:3      | You fall through a shaft!
  2149 | D:6      | Reached XP level 5. HP: 26/28 MP: 11/11
  2209 | D:6      | Noticed Menkaure
  2216 | D:6      | Noticed Natasha
  2217 | D:5      | Entered Level 5 of the Dungeon
  2356 | D:4      | Reached XP level 6. HP: 32/32 MP: 12/12
  2363 | D:4      | Learned a level 5 spell: Lee's Rapid Deconstruction
  2386 | D:4      | Killed a centaur
  2386 | D:4      | Reached skill level 6 in Earth Magic
  2678 | D:4      | Found Dat Egol's Gadget Emporium.
  2695 | D:4      | Bought a wand of lightning (7) for 154 gold pieces
  3352 | D:5      | Reached XP level 7. HP: 34/36 MP: 14/14
  3497 | D:5      | Noticed Sigmund
  3505 | D:5      | Killed Sigmund
  3505 | D:5      | Reached skill level 7 in Earth Magic
  3688 | D:5      | Noticed a slave
  3689 | D:5      | Noticed a slave
  3690 | D:5      | Noticed a slave
  3692 | D:5      | Noticed Pikel
  3695 | D:5      | Noticed a slave
  3714 | D:5      | Killed a slave
  3723 | D:5      | Killed a slave
  4289 | D:6      | Killed Menkaure
  4622 | D:6      | Noticed a giant frog
  4629 | D:6      | Killed a giant frog
  4850 | D:6      | Found a blossoming altar of Fedhas.
  4850 | D:6      | Noticed a centaur
  4926 | D:6      | Reached XP level 8. HP: 41/41 MP: 18/18
  5120 | D:6      | Got a pitted trident
  5176 | D:6      | Found a deep blue altar of Sif Muna.
  5268 | D:6      | Reached skill level 8 in Earth Magic
  5286 | D:6      | Noticed a hippogriff
  5290 | D:6      | Killed a hippogriff
  5290 | D:6      | Reached skill level 5 in Spellcasting
  5632 | D:7      | Identified the +4 trident of Dominance {freeze, Noisy rF- MP+9 Str+7 Stlth+} (You found it on level 6 of the Dungeon)
  5747 | D:7      | Noticed a two-headed ogre
  5754 | D:7      | Killed a two-headed ogre
  5754 | D:7      | Reached skill level 9 in Earth Magic
  5902 | D:8      | Reached XP level 9. HP: 45/45 MP: 22/23
  5913 | D:8      | Found a sparkling altar of Nemelex Xobeh.
  5913 | D:8      | Found an opulent altar of Gozag.
  5962 | D:8      | Reached skill level 10 in Earth Magic
  5980 | D:8      | Found a sand-covered staircase.
  6007 | Ossuary  | Entered an ossuary
  6697 | D:6      | Killed Natasha
  7043 | D:7      | Found a stormy altar of Qazlal.
  7051 | D:7      | Found a glowing silver altar of Zin.
  7058 | D:7      | Found a radiant altar of Vehumet.
  7069 | D:7      | Became a worshipper of Vehumet
  7527 | D:8      | Found a staircase to the Lair.
  7527 | D:8      | Noticed a death yak
  7527 | D:8      | Noticed an elephant
  7577 | D:7      | Reached skill level 11 in Earth Magic
  7700 | D:7      | Found Ukuafusch's Jewellery Boutique.
  7788 | D:7      | Found a staircase to the Ecumenical Temple.
  7864 | Temple   | Entered the Ecumenical Temple
  8029 | D:7      | Found a roughly hewn altar of Beogh.
  8183 | D:7      | Acquired Vehumet's first power
  8183 | D:7      | Offered knowledge of Magic Dart by Vehumet.
  8416 | D:8      | Reached XP level 10. HP: 50/50 MP: 17/26
  8688 | D:8      | Killed an elephant
  8688 | D:8      | Reached skill level 12 in Earth Magic
  8825 | D:8      | Mangled by a death yak

Action                   |  1- 3 |  4- 6 |  7- 9 | 10-12 || total
-------------------------+-------+-------+-------+-------++-------
Melee: Short sword       |     6 |       |       |       ||     6
       Hand axe          |    37 |    29 |       |       ||    66
       Club              |     5 |       |       |       ||     5
       Spear             |       |     3 |   166 |       ||   169
       Flail             |       |       |     5 |       ||     5
       Trident           |       |       |     3 |    24 ||    27
 Cast: Sandblast         |    40 |    75 |       |       ||   115
       Stone Arrow       |       |    19 |   213 |    37 ||   269
       Lee's Rapid Decon |       |       |    21 |     5 ||    26
  Use: Scroll            |       |     5 |    14 |       ||    19
       Potion            |       |     2 |     1 |       ||     3
 Stab: Sleeping          |       |       |     1 |       ||     1
  Eat: Chunk             |     1 |     4 |    14 |     3 ||    22
       Fruit             |       |     1 |     1 |       ||     2
       Meat ration       |       |     1 |     1 |       ||     2
       Beef jerky        |       |       |     2 |       ||     2
       Bread ration      |       |       |     1 |       ||     1
